 Dungeon Crawl Stone Soup version 0.31-a0-112-gdf0485fa37 (webtiles) character file.

Game seed: 16333640253879138512

5430 Bigbad the Destroyer (level 10, -1/70 (71) HPs)
             Began as a Human Conjurer on May 28, 2023.
             Was a Follower of Vehumet.
             Slain by Urug
             ... wielding a +1 demon trident of flaming
              (2 damage)
             ... on level 1 of the Lair of Beasts.
             The game lasted 03:21:03 (13773 turns).

Bigbad the Destroyer (Human Conjurer)              Turns: 13773, Time: 03:21:04

HP:   -1/70 (71)    AC: 10    Str: 13 (14) XL:     10   Next: 99%
MP:   19/19         EV: 12    Int: 21 (24) God:    Vehumet [*.....]
Gold: 166           SH:  0    Dex:  9 (12) Spells: 3/22 levels left

rFire   + . .        s - +6 whip "Ewe Xeuc" {flame, Int+2 SInv}
rCold   x . .        (no shield)
rNeg    . . .        d - +0 leather armour "Bomiclagg" {Str+6}
rPois   .            (no helmet)
rElec   .            (no cloak)
rCorr   .            z - +0 pair of gloves
SInv    +            p - +0 pair of boots
Will    .....        (no amulet)
Stlth   ++           c - ring of fire
HPRegen 0.31/turn    y - +4 ring of protection
MPRegen 0.16/turn

%: no passive effects
@: lightly drained
A: subdued magic 1, MP-powered wands
a: Renounce Religion


You were on level 1 of the Lair of Beasts.
You worshipped Vehumet.
Vehumet was aware of your devotion.
You visited 3 branches of the dungeon, and saw 11 of its levels.
You also visited: Ossuary.

You collected 701 gold pieces.
You spent 535 gold pieces at shops.

Inventory:

Hand Weapons
 e - a +0 halberd of pain
 f - a +1 dagger of distortion
 h - a +2 dagger of protection
 s - the +6 whip "Ewe Xeuc" (weapon) {flame, Int+2 SInv}
   (You found it on level 2 of the Dungeon)

   Int:       It affects your intelligence (+2).
   SInv:      It lets you see invisible.
 w - a +0 vampiric dagger
 x - the +5 broad axe of Woets {freeze, rF+ Dex+3}
   (You found it on level 2 of the Dungeon)

   Dex:       It affects your dexterity (+3).
   rF:        It protects you from fire.
 C - a +1 trident of venom
 D - a +2 dagger of speed
 F - a +0 trident of protection
 P - a +3 mace of draining
 S - a +0 orcbow
 V - a +1 rapier of venom
Missiles
 k - 4 boomerangs
 G - a throwing net
 K - a curare-tipped dart
 M - 27 poisoned darts
Armour
 a - a +0 robe
 d - the +0 leather armour "Bomiclagg" (worn) {Str+6}
   (You found it on level 8 of the Dungeon)

   Str:       It affects your strength (+6).
 p - a +0 pair of boots (worn)
 z - a +0 pair of gloves (worn)
 Q - +1 swamp dragon scales
Magical Staves
 l - a staff of cold
Jewellery
 c - a ring of fire (left hand)
 o - an amulet of faith
 r - an amulet of regeneration
 t - a +6 ring of dexterity
 y - a +4 ring of protection (right hand)
Wands
 q - a wand of acid (7)
 u - a wand of flame (20)
 A - a wand of charming (3)
 J - a wand of mindburst (15)
Scrolls
 g - a scroll of enchant armour
 i - 6 scrolls of teleportation
 j - 3 scrolls of immolation
 n - a scroll of fog
 L - 3 scrolls of amnesia
 W - a scroll of enchant weapon
 X - a scroll of fear {unknown}
Potions
 b - a potion of degeneration
 m - a potion of might
 v - a potion of curing {unknown}
 B - a potion of resistance {unknown}
 O - a potion of enlightenment
 R - a potion of berserk rage {unknown}
 Z - 2 potions of lignification {unknown}


   Skills:
 + Level 3.7 Fighting
 + Level 1.3(3.6) Axes
 + Level 5.3(5.4) Maces & Flails
 + Level 0.1 Throwing
 + Level 5.4 Armour
 + Level 4.9 Dodging
 + Level 4.3 Stealth
 + Level 1.7 Shields
 + Level 6.6 Spellcasting
 + Level 8.6 Conjurations
 + Level 4.0 Fire Magic
 + Level 0.5 Evocations


You had 3 spell levels left.
You knew the following spells:

 Your Spells              Type           Power      Damage    Failure   Level
a - Magic Dart            Conj           100%       1d8       1%          1
b - Searing Ray           Conj           66%        2d6       1%          2
c - Foxfire               Conj/Fire      100%       2x1d9     1%          1
d - Dazzling Flash        Conj/Hex       38%        N/A       4%          3
e - Fireball              Conj/Fire      19%        3d9       21%         5
f - Starburst             Conj/Fire      19%        6d7       75%         6
g - Kiss of Death         Conj/Necr      76%        2d11      1%          1

Your spell library contained the following spells:

 Spells                   Type           Power      Damage    Failure   Level
 Beastly Appendage        Tmut           10%        N/A       10%         1
 Ensorcelled Hibernation  Hex/Ice        10%        N/A       14%         2
 Passwall                 Tmut/Erth      4%         N/A       14%         2
 Wereblood                Tmut           5%         N/A       14%         2
 Gell's Gravitas          Tloc           5%         N/A       30%         3
 Spider Form              Tmut/Pois      5%         N/A       30%         3
 Swiftness                Air            5%         N/A       30%         3
 Teleport Other           Tloc           5%         N/A       30%         3
 Fulminant Prism          Conj/Hex       9%         3d7       16%         4
 Iskenderun's Mystic Bla  Conj/Tloc      19%        2d6       16%         4
 Dispersal                Tloc           2%         N/A       100%        6
 Plasma Beam              Fire/Air       8%         2x1d21    100%        6


Dungeon Overview and Level Annotations

Branches:
Dungeon (9/15)             Temple (1/1) D:7            Lair (1/5) D:9
Ossuary (visited)
    Orc: D:9-12

Altars:
Cheibriados
Dithmenos
Elyvilon
Fedhas
Gozag
Hepliaklqana
Kikubaaqudgha
Makhleb
Okawaru
Qazlal
Ru
Sif Muna
Trog
Uskayaw
Vehumet
Wu Jian
Xom
Yredelemnul
Zin
The Shining One

Shops:
D:6 :([=(   D:8 [   D:9 (

Annotations:
D:6 exclusion: oklob plant
Lair:1 Urug


Innate Abilities, Weirdness & Mutations

Your spells are a little easier to cast, but a little less powerful.
You expend magic power (3 MP) to strengthen your wands.


Message History

Urug burns the wolf!
The wolf dies!
Vehumet accepts your kill.
Your Fire Magic skill increases to level 4!
There is a staircase back to the Dungeon here.
You climb upwards.
Welcome back to the Dungeon!
There is a staircase to the Lair here.
You start resting.
Your hearing returns.
You start resting.
Magic restored.
You start resting.
HP restored.
There is a staircase to the Lair here.
You climb downwards.
Welcome back to the Lair of Beasts!
Level annotation: Urug Urug throws a javelin.
The javelin pierces through you!!
The javelin pierces through the plant!
The plant begins to die.
There is a staircase back to the Dungeon, spattered with blood here.
Urug throws a javelin.
The javelin pierces through you!
Urug throws a javelin.
The javelin closely misses you.
Urug is nearby!
r - an amulet of regeneration
There are no items here.
You start putting on your amulet.
You continue putting on your amulet of regeneration. x2
Urug hits you from afar with a +1 demon trident of flaming!
Keep equipping yourself? [Y]es or [N]o only, please.
Keep equipping yourself?
You stop putting on your amulet.
Urug hits you with a +1 demon trident of flaming!!
* * * LOW HITPOINT WARNING * * *
Urug burns you.
* * * LOW HITPOINT WARNING * * *
You closely miss Urug.
Urug hits you with a +1 demon trident of flaming!
* * * LOW HITPOINT WARNING * * *
Urug burns you.
You die...

.## ###+# ..# ..... ###.P#
.....# ##P#.###### ......
####P....#...
......###.##...^...#
...........o.<.....#
#..........o#P##.....###
#..........@#####....#
#...........## #.o..#
.............# ##..##
#........##..###..##
##.....####........#
###...#.## #.##......###.
#.......P####............
#.......##...o#.......##..
#.##..#...††.###......##


You could see Urug.

Vanquished Creatures
  An elephant (D:9)
  Maggie (D:6)
  Psyche (D:9)
  A wraith (D:8)
  2 wyverns (D:9)
  Eustachio (D:5)
  2 water moccasins
  2 black bears (D:9)
  An orc warrior (D:9)
  5 ice beasts
  4 ogres
  3 centaurs
  3 phantoms
  5 kobold brigands
  2 elf zombies (Ossuary)
  A gnoll sergeant (D:9)
  2 scorpions
  A centaur zombie (Ossuary)
  A crimson imp (D:7)
  2 gnoll boudas (D:5)
  4 orc priests
  3 hounds
  3 jellies (D:6)
  4 sleepcaps
  3 iguanas
  6 orc wizards
  4 hound zombies (Ossuary)
  3 mummies (Ossuary)
  12 gnolls
  8 adders
  A shadow imp (D:6)
  3 adder zombies (Ossuary)
  3 worms
  A dart slug (D:4)
  38 orcs
  5 ball pythons
  15 endoplasms
  A giant cockroach (D:4)
  A gnoll zombie (Ossuary)
  12 goblins
  7 hobgoblins
  5 jackals
  34 kobolds
  A quokka (D:1)
  6 bats
  6 frilled lizards
  5 goblin zombies (Ossuary)
  6 hobgoblin zombies (Ossuary)
  2 jackal zombies (Ossuary)
  4 kobold zombies (Ossuary)
  5 orc zombies (Ossuary)
  3 quokka zombies (Ossuary)
  4 rats
259 creatures vanquished.

Vanquished Creatures (collateral kills)
  4 wolves (Lair:1)
  A foxfire (D:8)
5 creatures vanquished.

Vanquished Creatures (others)
  149 foxfires
149 creatures vanquished.

Grand Total: 413 creatures vanquished

Notes
Turn   | Place    | Note
-------+----------+-------------------------------------------
     0 | D:1      | Bigbad the Human Conjurer began the quest for the Orb.
     0 | D:1      | Reached XP level 1. HP: 13/13 MP: 3/3
   288 | D:1      | Reached XP level 2. HP: 19/19 MP: 1/5
   335 | D:1      | Learned a level 2 spell: Searing Ray
   408 | D:1      | Learned a level 1 spell: Foxfire
  1226 | D:2      | Reached XP level 3. HP: 24/24 MP: 4/6
  1512 | D:2      | Identified the +6 whip "Ewe Xeuc" {flame, Int+2 SInv}
  2024 | D:2      | Identified the +5 broad axe of Woets {freeze, rF+ Dex+3}
  2216 | D:2      | Reached XP level 4. HP: 30/30 MP: 7/7
  2743 | D:3      | Noticed an ice beast
  2809 | D:3      | Reached skill level 5 in Conjurations
  2919 | D:3      | Reached XP level 5. HP: 31/35 MP: 0/8
  3332 | D:3      | HP: 1/36 [ice beast (18)]
  3335 | D:3      | Killed an ice beast
  3336 | D:3      | Reached skill level 1 in Fighting
  3336 | D:3      | Reached skill level 1 in Axes
  3336 | D:3      | Reached skill level 1 in Maces & Flails
  3336 | D:3      | Reached skill level 1 in Armour
  3336 | D:3      | Reached XP level 6. HP: 24/43 MP: 0/10
  4160 | D:4      | Gained mutation: You passively dampen the noise of your
                  | surroundings. [potion of mutation]
  4160 | D:4      | Gained mutation: You are partially covered in large bone
                  | plates. (SH +4) [potion of mutation]
  4169 | D:4      | Reached XP level 7. HP: 48/48 MP: 2/11
  4210 | D:4      | Reached skill level 1 in Fire Magic
  4267 | D:4      | Learned a level 3 spell: Dazzling Flash
  4518 | D:4      | Found a bloodstained altar of Trog.
  4992 | D:4      | Reached skill level 6 in Conjurations
  5177 | D:5      | Entered Level 5 of the Dungeon
  5456 | D:5      | Reached XP level 8. HP: 51/54 MP: 0/13
  5964 | D:5      | You fall into a shaft and drop 1 floor!
  6183 | D:6      | Noticed an oklob plant
  6347 | D:6      | Reached skill level 1 in Shields
  6507 | D:6      | Found Nurocr Oqyr's Antique Armour Boutique.
  6523 | D:6      | Reached XP level 9. HP: 30/61 MP: 7/15
  6820 | D:6      | Noticed Maggie
  6847 | D:6      | Killed Maggie
  6848 | D:6      | Reached skill level 5 in Spellcasting
  6848 | D:6      | Reached skill level 7 in Conjurations
  6977 | D:6      | Learned a level 5 spell: Fireball
  6990 | D:6      | Found Zips's Book Boutique.
  6991 | D:6      | Found Mestayss's Weapon Shoppe.
  7220 | D:6      | Found Bezis's Jewellery Shop.
  7275 | D:6      | Found Ekiawk's Antique Weapon Emporium.
  7988 | D:5      | Noticed Eustachio
  8001 | D:5      | Killed Eustachio
  8486 | D:6      | Bought a There-And-Back Book for 450 gold pieces
  8574 | D:7      | Found a sand-covered staircase.
  8580 | Ossuary  | Entered an ossuary
  9546 | D:7      | Found a staircase to the Ecumenical Temple.
  9556 | D:7      | Reached XP level 10. HP: 39/68 MP: 10/18
  9917 | D:7      | Found a burning altar of Makhleb.
 10386 | D:7      | Lost mutation: You are partially covered in large bone
                  | plates. (SH +4) [potion of mutation]
 10386 | D:7      | Lost mutation: You passively dampen the noise of your
                  | surroundings. [potion of mutation]
 10386 | D:7      | Gained mutation: Your spells are a little easier to cast,
                  | but a little less powerful. [potion of mutation]
 10386 | D:7      | Gained mutation: You expend magic power (3 MP) to
                  | strengthen your wands. [potion of mutation]
 10400 | Temple   | Entered the Ecumenical Temple
 10423 | Temple   | Became a worshipper of Vehumet
 10536 | D:8      | Identified the +0 leather armour "Bomiclagg" {Str+6}
 10555 | D:8      | Learned a level 6 spell: Starburst
 10590 | D:8      | Found a hazy altar of Hepliaklqana.
 10660 | D:8      | Found Moataama's Antique Armour Boutique.
 11135 | D:8      | Bought a pair of gloves for 85 gold pieces
 11158 | D:9      | Noticed Psyche
 11199 | D:9      | Found a staircase to the Lair.
 11199 | D:9      | Noticed an elephant
 11204 | D:9      | Reached skill level 8 in Conjurations
 11248 | D:9      | Killed an elephant
 11249 | D:9      | Reached skill level 5 in Armour
 11485 | D:9      | Killed Psyche
 11724 | D:9      | Reached skill level 5 in Maces & Flails
 12305 | D:9      | Found Qobb's Firing Range.
 12483 | D:9      | Reached * piety under Vehumet
 12483 | D:9      | Offered knowledge of Kiss of Death by Vehumet.
 12649 | D:9      | Learned a level 1 spell: Kiss of Death
 13451 | Lair:1   | Entered Level 1 of the Lair of Beasts
 13466 | Lair:1   | Noticed Urug
 13474 | Lair:1   | HP: 3/64 [Urug/javelin (22)]
 13537 | Lair:1   | HP: 2/64 [wolf (6)]
 13773 | Lair:1   | HP: 1/70 [Urug/+1 demon trident of flaming (15)]
 13773 | Lair:1   | Slain by Urug

Illustrated notes

Levels and vault maps discovered:
D:1:      lightli_arrival_statuegarden, layout_basic
D:2:      layout_basic
D:3:      layout_rooms
D:4:      layout_loops_cross, amcnicky_altar_gilded, corner_web_ring
D:5:      layout_cave_pods, uniq_eustachio
D:6:      lemuel_slime, layout_loops_ring, serial_shops,
          nicolae_shop_tiny_glass, shop, shop_statue, shop, nicolae_square_shop,
          uniq_maggie
D:7:      layout_loops_ring, marbit_many_paths, makhleb_grotto_becter,
          minmay_temple_entry_slanted, enter_bailey_3, enter_ossuary_2,
          chequers_garden
D:8:      layout_cave_pools, nzn_hepliaklqana_mist_gate, serial_shops,
          nicolae_shop_hallway_plus
D:9:      layout_basic, david_lair_generic, nicolae_shop_firing_range,
          uniq_psyche
Temple:   sentei_temple_godly_chess
Lair:1:   layout_roguey, hellmonk_guarded_unrand_zhor, grunt_megastairs_3,
          lemuel_fruit_fields, uniq_urug

Skill      XL: |  1  2  3  4  5  6  7  8  9 10 |
---------------+-------------------------------+-----
Conjurations   | 5 6 7 8 |  8.6
Fighting       | 1 2 3 |  3.7
Axes           | 1 |  1.3
Maces & Flails | 1 2 4 5 |  5.3
Armour         | 1 2 3 4 5 |  5.4
Spellcasting   | 3 4 5 6 |  6.6
Fire Magic     | 1 2 3 4 |  4.0
Dodging        | 3 4 |  4.9
Shields        | 1 |  1.7
Stealth        | 3 4 |  4.3
Throwing       | |  0.1
Evocations     | |  0.5

Action                     |  1- 3 |  4- 6 |  7- 9 | 10-12 || total
---------------------------+-------+-------+-------+-------++-------
  Melee: Broad axe         |     6 |     4 |       |       ||    10
         Mace              |     2 |       |       |       ||     2
         Whip              |       |    55 |    71 |    48 ||   174
         Punch             |       |       |       |     2 ||     2
  Throw: Throwing net      |       |       |       |     2 ||     2
   Cast: Magic Dart        |     9 |     5 |     3 |       ||    17
         Searing Ray       |    23 |    21 |    73 |    36 ||   153
         Foxfire           |    12 |    10 |    45 |    17 ||    84
         Fireball          |       |       |       |    17 ||    17
         Dazzling Flash    |       |       |       |     3 ||     3
         Kiss of Death     |       |       |       |     1 ||     1
  Evoke: Wand              |       |       |     2 |     3 ||     5
    Use: Scroll            |       |     5 |     6 |     9 ||    20
         Potion            |       |     3 |     2 |     8 ||    13
   Stab: Invisible         |       |       |       |     1 ||     1
 Armour: Plate armour      |     2 |     6 |       |       ||     8
         Leather armour    |       |    40 |    26 |    33 ||    99
         Swamp dragon scal |       |       |    31 |     1 ||    32
         Robe              |       |       |     1 |       ||     1
         Skin              |       |       |       |     1 ||     1
  Dodge: Dodged            |     1 |    56 |    61 |    49 ||   167
  Block: Other             |       |       |    21 |     1 ||    22

Table legend: (Time is in decaauts)
 A = Elapsed time spent in this place.
 B = Non-inter-level travel time spent in this place.
 C = Inter-level travel time spent in this place.
 D = Time resting spent in this place.
 E = Time spent auto-exploring this place.
 F = Levels seen in this place.
 G = Mean time per level.
                   A        B        C        D        E       F      G
               +--------+--------+--------+--------+--------+-----+--------+
         Total |  13776 |  10063 |   3713 |   5476 |   2241 |  12 | 1148.0 |
       Dungeon |  12686 |   9013 |   3673 |   4982 |   2241 |   9 | 1409.6 |
        Temple |     30 |     11 |     19 |      0 |      0 |   1 |   30.0 |
          Lair |    115 |     94 |     21 |     39 |      0 |   1 |  115.0 |
       Ossuary |    944 |    944 |      0 |    455 |      0 |   1 |  944.0 |
               +--------+--------+--------+--------+--------+-----+--------+

Top non-repeatable levels by time:
     D:9: 2491 daAuts
     D:6: 1864 daAuts
     D:2: 1688 daAuts
     D:5: 1486 daAuts
     D:4: 1270 daAuts
     D:3: 1124 daAuts
     D:1: 1100 daAuts
     D:7: 960 daAuts
 Ossuary: 944 daAuts
     D:8: 699 daAuts
  Lair:1: 115 daAuts
  Temple: 30 daAuts
